 Dungeon Crawl Stone Soup version 0.29-a0-330-g52719c12eb (webtiles) character file.

Game seed: 14433200268888275926

340 kae the Changer (level 6, 0/47 HPs)
             Began as a Draconian Transmuter on May 16, 2022.
             Slain by an ogre
             ... wielding a +0 giant spiked club
              (26 damage)
             ... on level 5 of the Dungeon.
             The game lasted 00:03:05 (4509 turns).

kae the Changer (Draconian Transmuter)              Turns: 4509, Time: 00:03:05

Health: 0/47       AC:  2    Str: 12    XL:     6   Next: 30%
Magic:  4/10       EV: 19    Int: 15    God:
Gold:   215        SH:  5    Dex: 17    Spells: 1/11 levels left

rFire   . . .      SeeInvis .     - Unarmed
rCold   . . .      Faith    .   (shield currently unavailable)
rNeg    . . .      Spirit   .   (body armour unavailable)
rPois   x          Reflect  +   (helmet currently unavailable)
rElec   .          Harm     .   (cloak currently unavailable)
rCorr   .          Rampage  .   (gloves currently unavailable)
Will    .....                   (boots currently unavailable)
Stlth   ++........              c - amulet of reflection
HPRegen 0.15/turn               (no ring)
MPRegen 0.12/turn               (no ring)

@: spider-form, very slightly contaminated
A: venomous fangs, AC +6, tiny, unfitting armour, (cold-blooded)
a: End Transformation


You were on level 5 of the Dungeon.
You were a venomous arachnid creature.
You visited 1 branch of the dungeon, and saw 5 of its levels.

You collected 215 gold pieces.

Inventory:

Jewellery
 c - an amulet of reflection (around neck)
Wands
 d - a wand of iceblast (7)
Potions
 a - 2 potions of lignification
 b - 6 potions of might
 e - a potion of mutation
 f - 2 potions of degeneration
 g - a potion of flight
 h - 2 potions of brilliance
 j - a potion of attraction
 m - 3 potions of invisibility {unknown}
 n - a potion of curing {unknown}


   Skills:
 - Level 1.1 Fighting
 - Level 1.7 Dodging
 + Level 4.1 Unarmed Combat
 + Level 3.2 Spellcasting
 * Level 4.6 Transmutations
 + Level 0.3 Ice Magic
 - Level 2.1 Poison Magic


You had one spell level left.
You knew the following spells:

 Your Spells              Type           Power      Damage    Failure   Level
a - Beastly Appendage     Tmut           32%        N/A       11%         1
b - Wereblood             Tmut           16%        N/A       13%         2
c - Spider Form           Tmut/Pois      12%        N/A       32%         3
d - Ice Form              Ice/Tmut       9%         N/A       77%         4

Your spell library contained the following spells:

 Spells                   Type           Power      Damage    Failure   Level
 Sting                    Tmut/Pois      48%        1d5       14%         1
 Poisonous Vapours        Pois/Air       10%        N/A       38%         2
 Scorch                   Fire           4%         2d5       52%         2
 Confusing Touch          Hex            2%         N/A       73%         3
 Olgreb's Toxic Radiance  Pois           8%         N/A       82%         4
 Flame Wave               Conj/Fire      2%         2d4       97%         4
 Yara's Violent Unravell  Hex/Tmut       4%         3d4       98%         5
 Summon Cactus Giant      Summ           1%         N/A       100%        6
 Enfeeble                 Hex            1%         N/A       100%        7


Dungeon Overview and Level Annotations

Branches:
Dungeon (5/15)
 Temple: D:4-7

Altars:

Annotations:
D:4 2 transporters, Anon1729's ghost, amateur MiMo


Innate Abilities, Weirdness & Mutations

You are a venomous arachnid creature.
You have poisonous fangs.
You are tiny and dextrous.
Your spellcasting is less reliable in this form.
Your armour is entirely melded.
You are incapable of wielding weapons or throwing items.
((Your plain brown scales are hard. (AC +6)))
You cannot fit into any form of body armour.
((You are cold-blooded and may be slowed by cold attacks.))


Message History

The ufetubus barely misses you. The ufetubus hits you.
You hit the ufetubus. You headbutt the ufetubus.
Your tail-slap misses the ufetubus.
The ufetubus is moderately wounded.
You block the ufetubus's attack.
The ufetubus hits you but does no damage.
The ufetubus misses you. You block the ufetubus's attack.
An ufetubus is nearby!
You completely miss the ufetubus. You claw the ufetubus.
The ufetubus is severely wounded.
The ufetubus hits you. You block the ufetubus's attack.
An ogre comes into view. It is wielding a +0 giant spiked club.
You miss the ufetubus.
The ogre shouts!
Your kick misses the ufetubus. You headbutt the ufetubus.
You kill the ufetubus!
An ogre is nearby!
The ogre hits you with a +0 giant spiked club!
An ogre is nearby!
You are too injured to fight recklessly!
You are too injured to fight recklessly!
An ogre is nearby!
Casting: Beastly Appendage (safe; 3% risk of failure)
Confirm with . or Enter, or press ? or * to list all spells.
You miscast Spider Form.
You are very lightly contaminated with residual magic.
Nothing appears to happen.
Casting: Spider Form (dangerous; 14% risk of failure)
Confirm with . or Enter, or press ? or * to list all spells.
Your horns disappear.
Your talons disappear.
You turn into a venomous arachnid creature.
The ogre barely misses you. The ogre misses you.
You hit the ogre.
The ogre is lightly wounded.
You bite the ogre!
The ogre is poisoned.
The ogre is moderately wounded.
The ogre hits you with a +0 giant spiked club!!
Ouch! That really hurt!
You die...

##......
........###..##
#######.
#........#....# ..
##....##.....##
..###...........#####
...###.............##
#..######..........#
..#...##........#...##
#.....#.##.....#..##
#..Os..<........#
#.....#.[......###
..$......$.......#
.###.........#....#
###......##...##
#......# ####
........# ##.##...#


You could see an ogre (very poisoned).

Vanquished Creatures
  A black bear (D:4)
  A bullfrog (D:4)
  A hound (D:3)
  An orc priest (D:2)
  An iguana (D:4)
  3 adders
  An ufetubus (D:5)
  2 worms (D:3)
  A dart slug (D:1)
  6 orcs
  4 endoplasms
  4 goblins
  5 hobgoblins
  2 jackals (D:3)
  4 kobolds
  2 quokkas
  14 ball pythons
  2 bats (D:3)
  6 rats
61 creatures vanquished.

Vanquished Creatures (others)
  A kobold (D:3)
1 creature vanquished.

Grand Total: 62 creatures vanquished

Notes
Turn   | Place    | Note
-------+----------+-------------------------------------------
     0 | D:1      | kae the Draconian Transmuter began the quest for the Orb.
     0 | D:1      | Reached XP level 1. HP: 16/16 MP: 3/3
   173 | D:1      | Reached XP level 2. HP: 23/23 MP: 3/5
   231 | D:1      | Found a faded altar of an unknown god.
  1236 | D:1      | Reached XP level 3. HP: 27/28 MP: 6/6
  1239 | D:1      | Learned a level 2 spell: Wereblood
  1243 | D:1      | Learned a level 3 spell: Spider Form
  2078 | D:3      | Reached XP level 4. HP: 35/35 MP: 7/7
  2243 | D:3      | Reached skill level 1 in Poison Magic
  2917 | D:3      | Reached XP level 5. HP: 36/40 MP: 7/9
  3354 | D:4      | Found a transporter.
  3359 | D:4      | Noticed Anon1729's ghost (amateur MiMo)
  3373 | D:4      | Found a transporter.
  3495 | D:4      | Noticed a black bear
  3509 | D:4      | Killed a black bear
  3510 | D:4      | Reached XP level 6. HP: 39/47 MP: 10/10
  3515 | D:4      | Learned a level 4 spell: Ice Form
  4388 | D:5      | Entered Level 5 of the Dungeon
  4509 | D:5      | Slain by an ogre

Illustrated notes

Levels and vault maps discovered:
D:1:      dpeg_arrival_round_c, layout_loops_ring,
          dreamdust_ecumenical_altar_statues, minmay_surrounded
D:2:      cheibrodos_pilgrimage, layout_basic
D:3:      layout_loops_cross, minmay_quantized
D:4:      layout_rooms, gammafunk_ghost_stat_death, kennysheep_nondescript,
          palyth_stone_intersect
D:5:      layout_cave_pools, serial_shops, nicolae_shop_crystal,
          minmay_misc_feat_more_columns

Skill      XL: |  1  2  3  4  5 |
---------------+----------------+-----
Transmutations | 3 4 |  4.6
Poison Magic   | 1 2 |  2.1
Spellcasting   | 3 |  3.2
Unarmed Combat | 4 |  4.1
Fighting       | |  1.1
Dodging        | |  1.7
Ice Magic      | |  0.3

Action                   |  1- 3 |  4- 6 || total
-------------------------+-------+-------++-------
Melee: Unarmed           |    72 |   112 ||   184
       Kick              |     9 |    21 ||    30
       Headbutt          |     9 |    10 ||    19
       Tailslap          |     4 |     9 ||    13
       Punch             |     1 |     4 ||     5
 Cast: Beastly Appendage |    16 |    18 ||    34
       Spider Form       |     1 |     2 ||     3
  Use: Scroll            |     5 |     5 ||    10
 Stab: Sleeping          |     1 |       ||     1
Armor: Skin              |    10 |    37 ||    47
Dodge: Dodged            |    36 |    95 ||   131
Block: Other             |     8 |    30 ||    38
       Reflection        |       |     1 ||     1

Table legend: (Time is in decaauts)
 A = Elapsed time spent in this place.
 B = Non-inter-level travel time spent in this place.
 C = Inter-level travel time spent in this place.
 D = Time resting spent in this place.
 E = Time spent auto-exploring this place.
 F = Levels seen in this place.
 G = Mean time per level.
                   A        B        C        D        E       F      G
               +--------+--------+--------+--------+--------+-----+--------+
         Total |   4506 |   4406 |    100 |    245 |   3618 |   5 |  901.2 |
       Dungeon |   4506 |   4406 |    100 |    245 |   3618 |   5 |  901.2 |
               +--------+--------+--------+--------+--------+-----+--------+

Top non-repeatable levels by time:
     D:3: 1227 daAuts
     D:2: 1147 daAuts
     D:4: 1136 daAuts
     D:1: 875 daAuts
     D:5: 119 daAuts
